Map: New Repugnancy LE

Players

Namshar

  • Race: Zerg Zerg
  • Spawn Location: 7:00

Kas - Winner!

  • Race: Terran Terran
  • Spawn Location: 1:00

Event: 2019 WCS Spring

VOD

Have the link to the VOD?

Description

Time

  • Played on: May 17, 2019, 1:28 p.m.
  • Length: 29:26

All games in this series

Show
View Real Time Build Order
Export as new Build Order

Namshar Zerg 

Build Orders: Hatch First 

Get SALT Encoding   

  12  0:00  Drone  
  13  0:12  Overlord  
  13  0:16  Drone  
  14  0:30  Drone x2  
  16  0:47  Hatchery  
  15  0:51  Drone  
  15  0:53  Drone  
  17  0:58  Drone  
  18  1:07  Extractor  
  17  1:13  Spawning Pool  
  17  1:16  Drone  
  17  1:20  Drone  
  18  1:27  Drone  
  19  1:38  Drone  
  20  1:49  Drone  
  21  1:59  Queen  
  21  2:00  Queen  
  26  2:01  Zergling x4  
  27  2:13  Hatchery  
  26  2:18  Overlord  
  27  2:22  Drone  
  27  2:24  Drone  
  28  2:35  Metabolic Boost  
  28  2:41  Queen  
  30  2:44  Drone  
  30  2:46  Drone  
  30  2:49  Overlord  
  32  2:54  Drone x2  
  32  2:55  Drone  
  35  3:07  Drone  
  35  3:10  Drone  
  37  3:13  Drone  
  37  3:14  Drone x2  
  37  3:19  Queen  
  42  3:21  Overlord  
  42  3:24  Queen  
  44  3:28  Drone  
  44  3:29  Drone  
  44  3:30  Drone  
  47  3:40  Drone  
  48  3:41  Queen  
  48  3:47  Drone x4  
  54  3:49  Overlord  
  54  3:50  Zergling x2  
  54  3:51  Zergling x2  
  54  3:54  Baneling Nest  
  55  4:01  Drone x2  
  55  4:02  Overlord  
  57  4:13  Drone  
  57  4:15  Overlord  
  57  4:16  Overlord  
  58  4:20  Queen  
  58  4:22  Zergling x4, Drone x2  
  58  4:23  Zergling x2, Drone  
  66  4:33  Overlord  
  66  4:34  Overlord  
  66  4:35  Lair  
  66  4:36  Zergling x4  
  68  4:39  Extractor x2, Baneling x2  
  68  4:41  Zergling x2  
  68  4:42  Drone x3  
  70  4:47  Drone x3  
  73  4:53  Zergling x2  
  73  4:54  Drone x2  
  76  5:05  Drone x9  
  85  5:09  Spore Crawler  
  85  5:10  Spore Crawler  
  85  5:13  Spore Crawler  
  81  5:14  Drone x2  
  81  5:19  Drone x2  
  81  5:21  Evolution Chamber, Extractor  
  83  5:22  Evolution Chamber  
  83  5:23  Zergling x2  
  83  5:27  Baneling  
  83  5:28  Baneling  
  83  5:29  Drone x2  
  83  5:34  Drone x5  
  90  5:38  Spore Crawler  
  90  5:39  Overseer  
  88  5:43  Drone x2  
  88  5:48  Spore Crawler, Infestation Pit  
  88  5:49  Hydralisk Den  
  88  5:50  Spore Crawler  
  88  5:56  Zergling x2  
  88  5:57  Extractor x2  
  89  5:59  Hatchery  
  89  6:03  Drone x3  
  89  6:04  Overlord x2  
  89  6:06  Zerg Missile Weapons Level 1  
  89  6:11  Overlord  
  89  6:18  Muscular Augments  
  89  6:25  Drone x3  
  91  6:29  Overlord x2  
  92  6:33  Baneling x3  
  92  6:34  Hydralisk  
  92  6:35  Hydralisk x5, Extractor  
  92  6:39  Hydralisk  
  103  6:40  Overlord  
  103  6:41  Overlord  
  105  6:48  Hydralisk x3  
  105  6:51  Drone x2  
  107  6:55  Drone x5  
  112  7:02  Hive  
  112  7:03  Overlord  
  112  7:09  Spore Crawler, Drone x4  
  112  7:14  Drone  
  112  7:15  Drone x2  
  118  7:24  Hydralisk x4  
  118  7:29  Hydralisk x2, Grooved Spines  
  126  7:30  Zergling x4  
  126  7:35  Hydralisk x3  
  126  7:37  Extractor  
  133  7:38  Queen  
  135  7:44  Drone x5  
  135  7:45  Drone  
  141  7:56  Hatchery  
  140  7:59  Hydralisk x6  
  152  8:08  Zergling x16  
  157  8:26  Hydralisk  
  159  8:32  Extractor  
  159  8:34  Extractor  
  155  8:41  Centrifical Hooks  
  154  8:42  Zerg Missile Weapons Level 2  
  154  8:43  Overlord x5  
  154  8:44  Overlord x3  
  153  8:51  Drone x3  
  153  8:52  Drone x3  
  153  8:55  Baneling x3  
  157  9:03  Hydralisk  
  157  9:04  Hydralisk x5  
  157  9:05  Zergling x6  
  170  9:12  Viper  
  170  9:13  Viper x4  
  170  9:16  Hydralisk, Zergling x2  
  170  9:17  Zergling x4  
  188  9:23  Zergling x8  
  187  9:32  Drone x2  
  187  9:33  Viper x3  
  187  9:34  Spine Crawler  
  187  9:35  Spine Crawler  
  196  9:42  Drone  
  197  9:46  Baneling x3  
  197  9:47  Baneling x4  
  197  9:51  Drone x2  
  199  9:56  Spine Crawler  
  199  9:58  Spine Crawler  
  197  10:01  Spine Crawler  
  197  10:03  Spore Crawler  
  187  10:10  Hydralisk  
  187  10:11  Hydralisk x3  
  187  10:12  Zergling x16  
  200  10:24  Spire  
  200  10:26  Drone  
  199  10:32  Zerg Melee Weapons Level 1  
  199  10:36  Hatchery  
  199  10:41  Pathogen Glands  
  198  10:43  Hatchery  
  198  10:44  Baneling x5  
  197  10:50  Pneumatized Carapace  
  197  10:51  Burrow  
  193  11:06  Hydralisk x2  
  193  11:07  Zergling x4  
  196  11:15  Hydralisk x4  
  184  11:26  Viper x2  
  184  11:29  Zerg Missile Weapons Level 3  
  190  11:38  Neural Parasite  
  190  11:39  Extractor  
  189  11:41  Spine Crawler  
  189  11:43  Spore Crawler  
  189  11:44  Extractor  
  189  11:45  Spine Crawler  
  176  11:55  Greater Spire  
  176  11:56  Spire  
  175  12:02  Hydralisk x5  
  175  12:03  Zergling x18  
  194  12:10  Hydralisk, Zergling x4  
  194  12:11  Zergling x4  
  200  12:27  Overseer  
  200  12:29  Hatchery  
  199  12:35  Baneling  
  199  12:36  Baneling x9  
  198  12:46  Zergling x2  
  182  12:52  Hydralisk, Zergling x2  
  182  12:53  Queen x2, Zergling x8  
  182  12:55  Hydralisk, Zergling x2  
  182  12:56  Zergling x16  
  182  12:58  Corruptor x2  
  198  13:09  Zerg Flyer Armor Level 1, Zerg Flyer Weapons Level 1  
  198  13:19  Hydralisk x3  
  191  13:20  Zergling x18  
  179  13:30  Hydralisk x8  
  186  13:36  Corruptor  
  186  13:37  Corruptor x5  
  198  13:55  Baneling  
  198  14:00  Hydralisk  
  198  14:01  Hydralisk  
  197  14:08  Hydralisk  
  197  14:09  Zergling x6  
  190  14:36  Hydralisk x3  
  183  14:43  Infestor x4  
  183  14:44  Infestor x2  
  195  14:46  Baneling  
  195  14:47  Baneling x5  
  195  14:50  Brood Lord x2  
  187  15:43  Brood Lord x6  
  199  15:52  Zerg Flyer Armor Level 2, Zerg Flyer Weapons Level 2  
  199  15:53  Zerg Melee Weapons Level 2  
  199  15:54  Zerg Ground Armor Level 1  
  197  16:33  Drone x2  
  197  16:34  Drone  
  197  16:37  Drone  
  197  16:38  Drone  
  197  16:49  Corruptor  
  195  17:02  Drone  
  195  17:03  Drone x8, Spine Crawler  
  192  17:12  Drone  
  193  17:18  Drone  
  193  17:19  Drone x2  
  196  17:31  Hydralisk  
  196  17:32  Zergling x4  
  176  17:45  Corruptor x5  
  176  17:46  Corruptor  
  176  17:47  Brood Lord  
  176  17:48  Infestor x3  
  176  17:51  Queen x2  
  181  18:11  Hatchery  
  177  18:15  Queen x2  
  177  18:16  Drone x3  
  177  18:18  Drone x6  
  177  18:19  Drone x2  
  192  18:22  Queen  
  192  18:26  Queen  
  196  18:28  Zerg Ground Armor Level 2, Zerg Melee Weapons Level 3  
  196  18:29  Zerg Flyer Weapons Level 3, Zerg Flyer Armor Level 3  
  196  18:34  Hatchery  
  193  18:43  Brood Lord x3  
  199  18:49  Zergling x2  
  190  18:55  Hydralisk x2  
  190  18:56  Hydralisk x2, Zergling x2  
  190  18:57  Zergling x2  
  195  19:35  Hatchery  
  187  19:39  Hydralisk x2  
  187  19:40  Zergling x20  
  184  20:10  Corruptor x2  
  184  20:11  Corruptor  
  184  20:14  Infestor x7  
  190  20:23  Hatchery  
  190  20:24  Baneling x6  
  190  20:25  Baneling x3  
  190  20:28  Hatchery  
  188  20:31  Spore Crawler, Extractor  
  188  20:32  Spore Crawler x2, Corruptor x2  
  188  20:33  Spore Crawler, Extractor  
  183  20:44  Overseer x2  
  183  20:45  Overseer x2  
  174  21:24  Hydralisk x2  
  174  21:25  Hydralisk, Zergling x4  
  177  21:35  Hatchery  
  177  21:39  Overlord x3  
  176  21:42  Corruptor x3  
  176  21:45  Brood Lord  
  183  21:57  Drone  
  183  21:58  Drone x3  
  183  21:59  Drone x5  
  183  22:00  Drone x5  
  196  22:04  Zerg Ground Armor Level 3  
  196  22:05  Adrenal Glands  
  194  22:33  Corruptor, Brood Lord x2  
  200  22:45  Spore Crawler  
  187  23:03  Infestor x2  
  180  23:11  Queen  
  173  23:13  Drone x4  
  173  23:16  Corruptor  
  173  23:17  Corruptor x4, Brood Lord x2  
  186  23:32  Hatchery  
  186  23:33  Queen  
  186  23:34  Queen  
  183  23:44  Corruptor x2  
  183  23:46  Corruptor x2  
  185  23:49  Zergling x8  
  179  24:10  Infestor  
  179  24:12  Hydralisk x2, Zergling x4  
  160  24:24  Brood Lord  
  160  24:30  Corruptor x2  
  132  24:36  Hydralisk x10  
  151  24:41  Infestor  
  149  24:47  Viper  
  149  24:52  Drone x3  
  155  24:57  Infestor x2  
  155  24:58  Infestor x3  
  165  25:02  Brood Lord x2  
  165  25:05  Brood Lord  
  167  25:31  Brood Lord x3  
  167  25:32  Viper  
  176  25:43  Zergling x30  
  176  25:46  Brood Lord  
  193  25:51  Zergling x2  
  193  25:52  Zergling x12  
  182  26:01  Queen x2  
  180  26:09  Infestor x11  
  180  26:17  Hydralisk  
  180  26:18  Hydralisk x5  
  187  26:25  Drone  
  187  26:26  Drone x5  
  159  27:00  Corruptor x2  
  159  27:01  Corruptor  
  152  27:04  Hydralisk x2  
  152  27:05  Zergling x20  
  168  27:09  Extractor  
  168  27:10  Extractor  
  168  27:14  Baneling x8  
  166  27:22  Drone  
  167  27:23  Drone x4  
  167  27:25  Spine Crawler  
  170  27:39  Brood Lord  
  172  27:54  Brood Lord x2  
  176  28:03  Queen x5  
  185  28:10  Spore Crawler  
  176  28:12  Spore Crawler  
  176  28:13  Drone x4  
  176  28:16  Overseer  
  176  28:17  Overseer  
  170  28:41  Corruptor x2  
  144  28:44  Zergling x28  
  152  28:50  Hydralisk x2  
  158  29:00  Hydralisk, Zergling x14  
Show
View Real Time Build Order
Export as new Build Order

Kas Terran - Winner!

Build Orders: Gas First Reaper Expand, Hellion Banshee 

Get SALT Encoding   

  12  0:00  SCV  
  13  0:12  SCV  
  14  0:17  Supply Depot  
  14  0:25  SCV  
  14  0:27  Refinery  
  15  0:39  SCV  
  16  0:44  Barracks  
  16  0:51  SCV  
  17  1:03  SCV  
  18  1:15  SCV  
  19  1:31  Reaper, Orbital Command  
  20  1:43  Command Center  
  20  1:54  Factory  
  20  1:58  SCV  
  21  2:06  Barracks Reactor  
  21  2:13  SCV, Supply Depot  
  22  2:17  Refinery  
  22  2:25  SCV  
  23  2:37  SCV  
  24  2:44  Starport  
  24  2:47  Hellion  
  24  2:49  SCV, Hellion  
  29  2:56  Orbital Command  
  29  3:07  SCV  
  29  3:08  Hellion  
  29  3:10  Hellion  
  34  3:14  Barracks Tech Lab  
  34  3:19  SCV  
  35  3:25  Viking  
  37  3:27  SCV  
  37  3:31  SCV  
  39  3:37  Supply Depot  
  39  3:40  SCV  
  40  3:45  Hellion x2  
  40  3:47  SCV  
  45  3:58  SCV  
  45  4:02  SCV  
  47  4:06  Command Center  
  47  4:11  SCV  
  47  4:14  SCV  
  47  4:15  Supply Depot  
  47  4:17  Banshee  
  49  4:23  SCV, Cloaking Field, Supply Depot  
  53  4:27  SCV  
  54  4:36  Refinery  
  54  4:37  SCV  
  54  4:38  Refinery  
  55  4:39  SCV  
  56  4:47  Factory  
  56  4:49  SCV, Factory  
  56  4:51  SCV  
  56  4:52  Hellion  
  60  4:58  Hellion  
  62  5:03  SCV  
  62  5:04  SCV  
  64  5:08  Banshee  
  67  5:15  SCV  
  67  5:18  Orbital Command, Supply Depot  
  67  5:19  SCV, Supply Depot  
  69  5:27  SCV  
  70  5:39  SCV x2  
  70  5:41  Factory Tech Lab  
  70  5:42  Factory Tech Lab  
  72  5:44  SCV, Hellion x2  
  72  5:45  Factory  
  72  5:46  Factory  
  77  5:51  SCV  
  78  5:59  SCV  
  78  6:02  Infernal Pre-Igniter, Cyclone x2, Orbital Command  
  78  6:03  Mag-Field Accelerator  
  85  6:11  Armory  
  85  6:14  Supply Depot  
  85  6:15  SCV  
  87  6:18  SCV  
  87  6:24  Supply Depot  
  87  6:28  SCV x2  
  87  6:30  SCV  
  87  6:31  Factory Reactor  
  87  6:32  Hellion x2  
  94  6:35  Supply Depot  
  94  6:36  Supply Depot  
  94  6:40  SCV  
  95  6:52  Cyclone  
  95  6:53  Cyclone x2  
  101  6:55  SCV x2  
  101  6:57  Command Center  
  101  7:00  SCV  
  104  7:04  Terran Vehicle And Ship Armor Level 1, Refinery  
  104  7:05  Refinery  
  104  7:06  Supply Depot  
  104  7:07  SCV  
  105  7:12  Hellion  
  105  7:15  SCV, Supply Depot  
  108  7:22  SCV x2  
  110  7:24  Cyclone, Drilling Claws  
  110  7:25  Cyclone  
  110  7:26  Widow Mine  
  120  7:37  Hellion x2  
  120  7:38  SCV x2, Hellion  
  120  7:39  SCV  
  125  7:44  Supply Depot  
  125  7:45  Engineering Bay  
  125  7:50  SCV  
  125  7:51  SCV x2  
  127  7:52  Cyclone  
  127  7:57  Cyclone  
  134  8:06  Cyclone  
  134  8:07  Starport Reactor  
  134  8:12  Fusion Core, Starport  
  137  8:14  SCV x2  
  137  8:19  SCV  
  137  8:24  Cyclone  
  137  8:26  SCV  
  141  8:29  Cyclone  
  144  8:38  Cyclone  
  142  8:45  SCV  
  142  8:46  SCV, Refinery x2  
  142  8:47  Planetary Fortress  
  142  8:53  Starport Tech Lab, Liberator x2  
  142  8:56  Cyclone  
  142  8:58  SCV, Command Center x2  
  142  9:01  Cyclone  
  147  9:06  Hellion x4  
  147  9:07  Liberator  
  153  9:10  Cyclone  
  151  9:26  SCV x3  
  151  9:28  SCV, Cyclone  
  158  9:31  Terran Vehicle And Ship Armor Level 2  
  158  9:33  Cyclone, Supply Depot  
  158  9:34  Supply Depot x2  
  161  9:38  SCV  
  161  9:39  Advanced Ballistics  
  161  9:40  Hellion x2  
  161  9:41  Hellion x2  
  170  9:46  Factory  
  170  9:48  SCV x2  
  172  9:54  Factory  
  172  9:56  Factory  
  162  10:08  Cyclone  
  162  10:09  Cyclone x2  
  162  10:13  Orbital Command  
  161  10:14  Orbital Command  
  161  10:17  Hellion x3, Liberator x2  
  161  10:18  Hellion  
  161  10:19  Sensor Tower  
  169  10:24  Liberator  
  166  10:33  Factory Tech Lab  
  172  10:37  Command Center  
  172  10:41  Cyclone  
  172  10:42  Hellion  
  184  10:43  Hellion x3  
  184  10:44  Factory Reactor, Factory Tech Lab  
  186  10:53  Missile Turret  
  186  10:57  Missile Turret  
  186  11:02  Liberator x2  
  180  11:06  Cyclone  
  180  11:07  Cyclone x2  
  182  11:16  Cyclone x2  
  182  11:17  Hellion x3  
  182  11:18  Hellion  
  172  11:36  Liberator  
  172  11:38  Hellion x2  
  172  11:39  Hellion, Cyclone x3  
  187  11:42  Hellion x3  
  186  11:48  Cyclone, Command Center  
  186  11:52  Cyclone  
  192  12:00  Hellion x2  
  196  12:03  Missile Turret  
  196  12:05  Missile Turret  
  196  12:11  Cyclone  
  196  12:15  Terran Vehicle Weapons Level 1  
  199  12:16  Armory  
  199  12:22  Planetary Fortress  
  199  12:29  Command Center  
  199  12:31  Refinery  
  199  12:32  Command Center  
  189  12:53  Cyclone x2  
  189  12:54  Cyclone  
  198  13:10  Terran Vehicle And Ship Armor Level 3  
  198  13:11  Hellion, Liberator x2  
  200  13:18  Sensor Tower  
  186  13:20  Cyclone  
  186  13:21  Hellion, Cyclone  
  186  13:25  Cyclone  
  176  13:27  Cyclone x2  
  182  13:36  SCV x3  
  182  13:37  SCV x2  
  182  13:38  Planetary Fortress  
  182  13:39  Hellion x2  
  182  13:40  Hellion  
  193  13:43  Orbital Command  
  193  13:52  Thor  
  199  14:03  Orbital Command  
  197  14:16  Hellion  
  199  14:20  Missile Turret  
  181  14:32  Terran Vehicle Weapons Level 2  
  181  14:34  Cyclone x4  
  181  14:35  Cyclone  
  181  14:37  Hellion x5  
  190  14:44  Liberator x2  
  190  14:47  Refinery  
  190  14:50  Missile Turret  
  190  14:52  Missile Turret  
  190  15:04  Starport  
  190  15:05  Starport  
  190  15:06  Command Center  
  196  15:07  Command Center  
  179  15:37  Cyclone  
  179  15:38  Cyclone x4  
  182  15:47  Command Center  
  182  15:50  Starport Reactor x2  
  182  15:52  Starport  
  182  15:55  Hellion x5  
  182  15:57  Hellion  
  194  16:09  Cyclone  
  194  16:10  Cyclone  
  200  16:16  Hellion  
  200  16:23  Orbital Command  
  200  16:25  Command Center  
  200  16:27  Refinery  
  200  16:28  Command Center  
  200  16:31  Starport Reactor  
  194  17:03  Terran Vehicle Weapons Level 3  
  194  17:09  Liberator x2  
  186  17:17  Planetary Fortress  
  186  17:19  Missile Turret  
  180  17:23  Orbital Command  
  180  17:26  Cyclone x2  
  180  17:29  Liberator x5  
  198  17:51  Cyclone  
  198  17:54  Command Center  
  198  17:55  Terran Ship Weapons Level 1, Refinery x2  
  189  18:15  Liberator x2  
  180  18:21  Missile Turret  
  180  18:26  Orbital Command x2  
  180  18:28  Refinery  
  180  18:31  Thor x2  
  198  18:40  Liberator x2  
  184  18:46  Thor  
  196  19:07  Cyclone  
  196  19:41  Liberator  
  196  19:43  Factory Reactor  
  193  19:57  Viking  
  180  20:09  Command Center  
  180  20:24  Thor x3  
  198  20:35  Terran Ship Weapons Level 2  
  198  20:40  Command Center  
  196  21:06  Liberator x3  
  196  21:10  Thor  
  196  21:11  Viking x2  
  181  21:21  Thor x2  
  181  21:23  Thor, Liberator x2  
  181  21:25  Thor  
  189  21:27  Hellion x2  
  169  21:40  Viking x2  
  169  21:41  Hellion x2  
  169  21:42  Hellion x2  
  178  21:48  Missile Turret  
  178  21:49  Hellion x2, Refinery  
  178  21:52  Thor  
  183  22:03  Hellion x3, Thor, Command Center  
  195  22:15  Viking x2  
  195  22:20  Starport  
  195  22:21  Starport  
  199  22:24  Starport  
  199  22:31  Planetary Fortress  
  199  22:46  Liberator x4  
  173  23:13  Viking x4  
  173  23:15  Viking x4  
  173  23:16  Thor  
  191  23:20  Hellion x5  
  199  23:33  Liberator  
  199  23:36  Refinery  
  199  23:42  Refinery  
  195  23:51  Starport Reactor x3  
  195  23:54  Orbital Command  
  198  24:04  Liberator x2  
  142  24:26  Thor  
  142  24:27  Thor  
  142  24:30  Viking x5  
  125  24:32  Thor x3  
  125  24:33  Hellion x2  
  125  24:34  Viking x5, Hellion x4  
  125  24:35  Viking x2  
  155  24:47  Viking  
  155  24:49  Orbital Command  
  156  24:53  Liberator  
  156  24:55  Hellion x6  
  168  25:00  Viking  
  170  25:09  Thor, Orbital Command  
  170  25:10  Viking, Hellion  
  170  25:11  Viking x5  
  193  25:15  Hellion  
  193  25:16  Hellion x2  
  199  25:24  Refinery  
  199  25:25  Hellion  
  199  25:26  Hellion  
  199  25:27  Hellion x2  
  199  25:43  Liberator x2  
  191  26:01  Banshee  
  194  26:14  Smart Servos  
  188  26:21  Command Center  
  174  26:27  Command Center  
  174  26:29  Thor x2  
  178  26:45  Liberator x2  
  178  26:46  Liberator x5  
  144  27:04  Thor x3  
  144  27:05  Hellion  
  144  27:06  Hellion  
  167  27:12  Thor x2  
  167  27:14  Hellion x2  
  167  27:15  Viking  
  185  27:20  Hellion x2  
  189  27:32  Hellion x2  
  189  27:35  Hellion  
  194  27:39  Hellion  
  194  27:40  Planetary Fortress  
  194  27:42  Hellion  
  195  27:49  Refinery  
  195  28:03  Orbital Command  
  160  28:43  Thor x2  
  176  28:48  Hellion x3  
  176  28:49  Hellion  
  176  28:51  Hellion x2  
Tags
 
Add a new tag
Caveats
  • Supply blocks, unpowered buildings, or Contaminate may cause inaccurate times.
  • Supply counts are checked every 10 seconds.